 Dungeon Crawl Stone Soup version 0.31-a0-152-g6aa68a64a1 (webtiles) character file.

Game seed: 12249406685415947139

50 qw the Shooter (level 3, -1/31 HPs)
             Began as a Minotaur Hunter on June 9, 2023.
             Slain by a hobgoblin (3 damage)
             ... led by Robin
             ... on level 2 of the Dungeon.
             The game lasted 00:00:21 (841 turns).

qw the Shooter (Minotaur Hunter)                     Turns: 841, Time: 00:00:22

Health: -1/31      AC:  4    Str: 15    XL:     3   Next: 55%
Magic:  2/2        EV: 12    Int:  6    God:
Gold:   54         SH:  0    Dex: 15    Spells: 2/2 levels left

rFire   . . .        Y - +0 shortbow
rCold   . . .        (shield currently unavailable)
rNeg    . . .        d - +2 robe {Will+}
rPois   +            (helmet restricted)
rElec   .            (no cloak)
rCorr   .            (no gloves)
SInv    .            (no boots)
Will    +....        (no amulet)
Stlth   ++           f - ring of poison resistance
HPRegen 0.25/turn    (no ring)
MPRegen 0.08/turn

%: no passive effects
@: no status effects
A: horns 2, retaliatory headbutt
a: no special abilities


You were on level 2 of the Dungeon.
You visited 1 branch of the dungeon, and saw 2 of its levels.

You collected 54 gold pieces.


Innate Abilities, Weirdness & Mutations

You have a pair of horns on your head.
You reflexively headbutt those who attack you in melee.


   Skills:
 - Level 3.0 Fighting
 + Level 5.6 Ranged Weapons
 - Level 2.1 Dodging
 - Level 0.7 Stealth


You had 2 spell levels left.
You didn't know any spells.
Your spell library was empty.

Inventory:

Hand Weapons
 Y - a +0 shortbow (weapon)
Armour
 d - a +2 robe of willpower (worn)
Jewellery
 f - a ring of poison resistance (left hand)
Scrolls
 a - a scroll of fog {unknown}
Potions
 h - a potion of curing {unknown}
 i - a potion of lignification {unknown}

Dungeon Overview and Level Annotations

Branches:
Dungeon (2/15)

Altars:
Gozag


Message History

The hobgoblin hits you. The goblin barely misses you.
You shoot an arrow. The arrow closely misses the goblin.
The goblin no longer looks unusually strong.
The hobgoblin barely misses you. You furiously retaliate!
You headbutt the hobgoblin, but do no damage.
The hobgoblin hits you. The goblin completely misses you.
You furiously retaliate!
You headbutt the goblin, but do no damage.
You shoot an arrow. The arrow hits the goblin.
You kill the goblin!
The hobgoblin no longer looks unusually strong.
The hobgoblin hits you. The hobgoblin closely misses you.
You furiously retaliate!
You headbutt the hobgoblin.
You kill the hobgoblin!
You shoot an arrow. The arrow hits the goblin.
The goblin is severely wounded.
The hobgoblin hits you. The goblin hits you with a +0 club.
The goblin hits you but does no damage.
You shoot an arrow. The arrow hits the goblin.
You kill the goblin!
The goblin hits you but does no damage. The hobgoblin misses you.
The goblin barely misses you.
You shoot an arrow. The arrow closely misses the goblin.
The hobgoblin no longer looks unusually strong.
The hobgoblin closely misses you. The goblin hits you but does no damage.
The goblin hits you with a +0 club. The goblin hits you with a +0 dagger.
The hobgoblin closely misses you. The goblin hits you but does no damage.
You shoot an arrow. The arrow hits the goblin!
You kill the goblin!
The goblin hits you with a +0 club.
The hobgoblin hits you but does no damage.
You shoot an arrow. The arrow hits the goblin.
The goblin is heavily wounded.
The hobgoblin hits you. The goblin barely misses you.
You shoot an arrow. The arrow closely misses the goblin.
The hobgoblin barely misses you. The goblin barely misses you.
You shoot an arrow. The arrow hits the goblin.
You kill the goblin!
The hobgoblin hits you.
You die...

). #.......
###..##......
...........
...#..... #.#...#.#
#. ####.#....[# ...
#.##......)g).#..$.
...........@)......
#.........)))......
###.........#.......
....#.......##.._.:.
#..........## .....#
#.##...%.## ......
#..#....## ..#.#
##......# ....#
###.<....##


You could see a hobgoblin.

Vanquished Creatures
  Robin (D:2)
  A dart slug (D:2)
  2 ball pythons (D:1)
  2 bats (D:1)
  An endoplasm (D:1)
  2 giant cockroaches
  13 goblins
  3 hobgoblins
  4 jackals (D:1)
  A quokka (D:2)
  A frilled lizard (D:1)
  2 rats (D:1)
33 creatures vanquished.

Notes
Turn   | Place    | Note
-------+----------+-------------------------------------------
     0 | D:1      | qw the Minotaur Hunter began the quest for the Orb.
     0 | D:1      | Reached XP level 1. HP: 18/18 MP: 0/0
     0 | D:1      | 0 ||| qw: Version: 0.2-a-120-g592f744
     0 | D:1      | 0 ||| qw: Game counter: 3170
     0 | D:1      | 0 ||| qw: Always use a shield: true
     0 | D:1      | 0 ||| qw: God list: Okawaru
     0 | D:1      | 0 ||| qw: Allow faded altars: false
     0 | D:1      | 0 ||| qw: Do Orc after D:15 true
     0 | D:1      | 0 ||| qw: Do second Lair branch before Depths: true
     0 | D:1      | 0 ||| qw: Lair rune preference: random
     0 | D:1      | 0 ||| qw: Plans: Normal
     0 | D:1      | 0 ||| PLANNING D:1-11
   132 | D:1      | Reached XP level 2. HP: 22/25 MP: 1/1
   133 | D:1      | Reached skill level 5 in Ranged Weapons
   494 | D:1      | Reached skill level 3 in Fighting
   686 | D:1      | 686 ||| UPGRADING to +2 robe of willpower.
   696 | D:1      | 696 ||| DROPPING +0 leather armour.
   697 | D:1      | 697 ||| UPGRADING to ring of poison resistance.
   698 | D:1      | 698 ||| READING scroll labelled JINEUXZO SYLI.
   699 | D:1      | 699 ||| READING 2 scrolls labelled APPOSE UBUHEU.
   700 | D:1      | 700 ||| DROPPING scroll of butterflies.
   701 | D:1      | 701 ||| DROPPING scroll of immolation.
   815 | D:2      | Found an opulent altar of Gozag.
   817 | D:2      | Noticed Robin
   818 | D:2      | Reached XP level 3. HP: 31/31 MP: 2/2
   830 | D:2      | Killed Robin
   837 | D:2      | HP: 7/31 [goblin/+0 club[Robin] (3)]
   839 | D:2      | HP: 2/31 [hobgoblin[Robin] (2)]
   841 | D:2      | Slain by a hobgoblin

Levels and vault maps discovered:
D:1:      amcnicky_arrival_blooded_trapdoor, layout_loops_ring
D:2:      layout_rooms, basic_altar, uniq_robin

Skill      XL: |  1  2 |
---------------+-------+-----
Ranged Weapons | 5 |  5.6
Fighting       | 3 |  3.0
Dodging        | |  2.1
Stealth        | |  0.7

Action                     || total
---------------------------++-------
   Fire: Shortbow          ||    96
    Use: Scroll            ||     2
 Armour: Leather armour    ||    12
         Robe              ||    17
  Dodge: Dodged            ||    49

Table legend:
 A = Non-vault XP
 B = Vault XP
 C = Vault XP percentage of total XP
 D = Non-vault monster count
 E = Vault monster count
 F = Vault count percentage of total count
                 A         B        C        D         E       F
            +---------+---------+-------+---------+---------+-------
      Total |      40 |      34 |  45.9 |      21 |      12 |  36.4
            +---------+---------+-------+---------+---------+-------
        D:1 |      28 |       0 |   0.0 |      16 |       0 |   0.0
        D:2 |      12 |      34 |  73.9 |       5 |      12 |  70.6
            +---------+---------+-------+---------+---------+-------
